Panthers vs Rangers
(R1)
Created - October 16, 2018 at 21:31
Goals
|
| Panthers |
1 |
0 |
1 |
2 |
| Rangers |
0 |
1 |
3 |
4 |
|
Shots
|
| Panthers |
5 |
15 |
8 |
28 |
| Rangers |
5 |
15 |
14 |
34 |
|
1st period
1. Panthers , Drew Stafford 1 (Matthew Spiller 1, Alex Galchenyuk 1) at 5:09
Penalties :
No Penalty
2nd period
2. Rangers , Patrice Bergeron 1 (Milan Lucic 1, Jakob Silfverberg 2) at 4:49 (PP)
Penalties :
Kyle Clifford (Flo) for Hooking (Minor) at 3:52, Sean Couturier (NYR) for Roughing (Minor) at 7:00, Jonathan Matsumoto (Flo) for Hooking (Minor) at 9:21
3rd period
3. Rangers , Milan Lucic 2 (Patrice Bergeron 1, Mark Fistric 2) at 3:41 (PP)
4. Panthers , Matthew Spiller 1 (Kyle Clifford 2, Brayden Schenn 3) at 12:38 (PP)
5. Rangers , Matt Read 2 (Stephen Weiss 2, Alex Tanguay 1) at 14:06
6. Rangers , Jakob Silfverberg 1 (Patrice Bergeron 2) at 14:51 (PP)
Penalties :
Tomas Kopecky (Flo) for High sticking (Minor) at 2:29, Gustav Nyquist (NYR) for Tripping (Minor) at 8:19, Gustav Nyquist (NYR) for Tripping (Minor) at 12:32, Cory Emmerton (Flo) for Cross-checking (Minor) at 14:50, Matt Read (NYR) for Tripping (Minor) at 16:49, Alexander Perezhogin (Flo) for Hooking (Minor) at 18:56, Brayden Schenn (Flo) for Hooking (Minor) at 19:11
Goalie Stats
Antti Niemi (Flo), 30 saves from 34 shots - (0.882), L, 1-1-0, 60:00 minutes
Frederik Andersen (NYR), 26 saves from 28 shots - (0.929), W, 2-0-0, 60:00 minutes
Players Stats for Panthers
Player Name G A P +/- PIM S H SB GA TA FO MP PP MP PK MP
------------------------------------------------------------------------------------
Alex Galchenyuk 0 1 1 1 0 2 0 0 3 0 0/0 17:37 2:45 0:19
Alexander Perezhogin 0 0 0 -1 2 0 0 1 0 0 0/0 11:22 0:00 0:00
Brayden Schenn 0 1 1 0 2 3 1 0 0 2 16/30 22:23 3:18 2:40
Brendan Smith 0 0 0 0 0 0 3 1 1 2 0/0 23:31 3:05 3:07
Cédric Lalonde-McNicoll 0 0 0 0 0 0 0 1 0 0 2/2 8:38 0:00 1:06
Cory Emmerton 0 0 0 1 2 1 0 0 0 0 3/9 18:15 2:45 0:42
Daniel Sedin 0 0 0 0 0 0 1 0 0 0 1/2 8:55 0:00 1:05
Drew Stafford 1 0 1 1 0 1 3 0 0 0 1/2 20:17 2:45 2:54
Eric Wellwood 0 0 0 -1 0 3 0 1 0 0 0/0 11:11 0:00 0:00
Erik Gudbranson 0 0 0 0 0 2 2 1 1 0 0/0 24:22 2:58 2:05
Jonathan Matsumoto 0 0 0 -1 2 3 2 1 0 0 4/6 11:20 0:00 0:00
Jonathan Sigalet 0 0 0 0 0 1 1 0 0 0 0/0 21:41 3:05 1:31
Kyle Clifford 0 1 1 0 2 4 0 0 2 0 2/2 19:23 3:18 0:00
Matthew Spiller 1 1 2 0 0 4 0 1 0 1 0/0 25:47 2:58 3:41
Mike Weber 0 0 0 0 0 1 0 0 0 0 0/0 10:55 0:00 0:00
Patrick Eaves 0 0 0 0 0 0 1 1 0 0 0/1 7:34 0:00 0:00
Tomas Kopecky 0 0 0 0 2 2 1 0 0 0 0/0 20:12 3:18 0:49
William Colbert 0 0 0 0 0 1 0 0 0 1 0/0 10:31 0:00 0:00
Players Stats for Rangers
Player Name G A P +/- PIM S H SB GA TA FO MP PP MP PK MP
------------------------------------------------------------------------------------
Alex Tanguay 0 1 1 0 0 3 1 1 0 0 0/0 13:54 0:00 2:07
Alexei Emelin 0 0 0 0 0 2 1 1 0 1 0/0 11:57 0:00 0:09
Artem Anisimov 0 0 0 0 0 0 0 0 0 0 0/0 8:35 0:00 0:09
Cam Barker 0 0 0 0 0 1 1 1 2 0 0/0 25:57 3:43 3:58
Chris Bourque 0 0 0 0 0 1 1 0 0 0 0/0 9:24 0:00 0:51
Colten Teubert 0 0 0 0 0 0 0 2 0 0 0/0 14:15 0:00 2:05
Gustav Nyquist 0 0 0 0 4 1 0 0 0 0 0/0 8:29 0:00 0:00
Jakob Silfverberg 1 1 2 0 0 4 2 1 1 0 0/2 19:08 3:43 0:00
James Neal 0 0 0 0 0 5 0 0 1 0 0/0 15:27 1:29 0:00
Magnus Paajarvi-Svensson 0 0 0 0 0 4 1 1 0 0 0/0 15:23 1:29 0:00
Mark Fistric 0 1 1 0 0 0 0 2 1 1 0/0 22:16 1:29 3:49
Matt Greene 0 0 0 0 0 2 1 0 0 1 0/0 19:21 0:00 2:05
Matt Read 1 0 1 0 2 2 3 0 0 1 0/0 13:48 0:00 2:07
Milan Lucic 1 1 2 0 0 2 1 1 1 0 0/1 20:00 3:43 0:58
Patrice Bergeron 1 2 3 0 0 4 2 1 0 2 18/35 22:26 3:43 3:15
Ryan Suter 0 0 0 0 0 1 1 0 0 1 0/0 19:37 1:29 0:00
Sean Couturier 0 0 0 0 2 1 2 0 0 0 5/12 17:24 1:29 1:38
Stephen Weiss 0 1 1 0 0 1 2 0 0 0 2/4 16:32 3:43 1:01
3 Stars
1 - Patrice Bergeron (NYR)
2 - Jakob Silfverberg (NYR)
3 - Milan Lucic (NYR)
Power Play
Panthers - 1 on 4 Attempt(s) - 25.00%
Rangers - 3 on 6 Attempt(s) - 50.00%
Penalty Kill
Panthers - 3 on 6 Attempt(s) - 50.00%
- Score 0 goal in Penalty Kill
Rangers - 3 on 4 Attempt(s) - 75.00%
- Score 0 goal in Penalty Kill
Team Stat
Panthers - Hits : 15 - Faceoff Wins : 29 - Blocked Shots : 8 - Penalty Minutes : 12
Rangers - Hits : 19 - Faceoff Wins : 25 - Blocked Shots : 11 - Penalty Minutes : 8
Official
Referees : Unknown
Linesman : Unknown
Game Notes
No Game Note
Finance
Level 1 -- Attendance: 4515 (75.25%) -- Ticket Income $428,925
Level 2 -- Attendance: 3642 (72.84%) -- Ticket Income $218,520
Level 3 -- Attendance: 1780 (89.00%) -- Ticket Income $62,300
Level 4 -- Attendance: 3613 (90.33%) -- Ticket Income $90,325
Luxury Box -- Attendance: 707 (70.70%) -- Ticket Income $127,260
Game was played at the Madison Square Garden.
Total Attendance: 14257 (79.21%)
Total Ticket Income: $927,330
Other Income: $139,100
Total Income: $1,066,430
Panthers
5 vs 5 Forward
Center Left Wing Right Wing Time % Phy DF OF
1 Brayden Schenn Kyle Clifford Tomas Kopecky 40 1 2 2
2 Cory Emmerton Alex Galchenyuk Drew Stafford 30 1 2 2
3 Jonathan Matsumoto Eric Wellwood Alexander Perezhogin 20 1 2 2
4 Cédric Lalonde-McNicoll Daniel Sedin Patrick Eaves 10 1 2 2
5 vs 5 Defense
Defense Defense Time % Phy DF OF
1 Erik Gudbranson Matthew Spiller 40 1 2 2
2 Brendan Smith Jonathan Sigalet 30 1 2 2
3 Mike Weber William Colbert 20 1 2 2
4 Erik Gudbranson Brendan Smith 10 1 2 2
PowerPlay Forward
Center Left Wing Right Wing Time % Phy DF OF
1 Brayden Schenn Kyle Clifford Tomas Kopecky 60 1 2 2
2 Cory Emmerton Alex Galchenyuk Drew Stafford 40 1 2 2
PowerPlay Defense
Defense Defense Time % Phy DF OF
1 Erik Gudbranson Matthew Spiller 60 1 2 2
2 Brendan Smith Jonathan Sigalet 40 1 2 2
Penalty Kill 4 Players Forward
Center Wing Time % Phy DF OF
1 Brayden Schenn Drew Stafford 60 1 2 2
2 Cédric Lalonde-McNicoll Tomas Kopecky 40 1 2 2
Penalty Kill 4 Players Defense
Defense Defense Time % Phy DF OF
1 Brendan Smith Matthew Spiller 60 1 2 2
2 Erik Gudbranson Jonathan Sigalet 40 1 2 2
Penalty Kill - 3 Players Forward
Forward Time % Phy DF OF
1 Brayden Schenn 60 1 2 2
2 Drew Stafford 40 1 2 2
Penalty Kill - 3 Players Defense
Defense Defense Time % Phy DF OF
1 Brendan Smith Matthew Spiller 60 1 2 2
2 Erik Gudbranson Jonathan Sigalet 40 1 2 2
4 vs 4 Forward
Center Wing Time % Phy DF OF
1 Brayden Schenn Kyle Clifford 60 1 2 2
2 Cory Emmerton Alex Galchenyuk 40 1 2 2
4 vs 4 Defense
Defense Defense Time % Phy DF OF
1 Erik Gudbranson Matthew Spiller 60 1 2 2
2 Brendan Smith Jonathan Sigalet 40 1 2 2
Last Minutes Offensive
Center Left Wing Right Wing Defense Defense
Brayden Schenn Kyle Clifford Drew Stafford Erik Gudbranson Brendan Smith
Last Minutes Defensive
Center Left Wing Right Wing Defense Defense
Brayden Schenn Daniel Sedin Drew Stafford Erik Gudbranson Brendan Smith
Goaltenders
Starting : Antti Niemi
Backup : Petr Mrazek
Extra Forwards
Normal : Alex Galchenyuk, Brayden Schenn, Kyle Clifford - PP : Alex Galchenyuk, Brayden Schenn - PK : Daniel Sedin
Extra Defensemen
Normal : Brendan Smith, Mike Weber, Erik Gudbranson - PP : Mike Weber - PK : Erik Gudbranson, Brendan Smith
Penalty Shots
Alex Galchenyuk, Daniel Sedin, Brayden Schenn, Kyle Clifford, Cory Emmerton
Scratches
None
Rangers
5 vs 5 Forward
Center Left Wing Right Wing Time % Phy DF OF
1 Patrice Bergeron Milan Lucic Jakob Silfverberg 40 1 2 2
2 Sean Couturier Magnus Paajarvi-Svensson James Neal 30 1 2 2
3 Stephen Weiss Alex Tanguay Matt Read 20 1 2 2
4 Artem Anisimov Chris Bourque Gustav Nyquist 10 1 2 2
5 vs 5 Defense
Defense Defense Time % Phy DF OF
1 Cam Barker Ryan Suter 40 1 2 2
2 Mark Fistric Matt Greene 30 1 2 2
3 Alexei Emelin Colten Teubert 20 1 2 2
4 Cam Barker Mark Fistric 10 1 2 2
PowerPlay Forward
Center Left Wing Right Wing Time % Phy DF OF
1 Patrice Bergeron Milan Lucic Jakob Silfverberg 60 1 2 2
2 Sean Couturier Magnus Paajarvi-Svensson James Neal 40 1 2 2
PowerPlay Defense
Defense Defense Time % Phy DF OF
1 Cam Barker Stephen Weiss 60 1 2 2
2 Mark Fistric Ryan Suter 40 1 2 2
Penalty Kill 4 Players Forward
Center Wing Time % Phy DF OF
1 Patrice Bergeron Matt Read 60 1 2 2
2 Sean Couturier Milan Lucic 40 1 2 2
Penalty Kill 4 Players Defense
Defense Defense Time % Phy DF OF
1 Cam Barker Mark Fistric 60 1 2 2
2 Colten Teubert Matt Greene 40 1 2 2
Penalty Kill - 3 Players Forward
Forward Time % Phy DF OF
1 Jakob Silfverberg 60 1 2 2
2 Patrice Bergeron 40 1 2 2
Penalty Kill - 3 Players Defense
Defense Defense Time % Phy DF OF
1 Colten Teubert Mark Fistric 60 1 2 2
2 Cam Barker Matt Greene 40 1 2 2
4 vs 4 Forward
Center Wing Time % Phy DF OF
1 Patrice Bergeron Milan Lucic 60 1 2 2
2 Jakob Silfverberg Sean Couturier 40 1 2 2
4 vs 4 Defense
Defense Defense Time % Phy DF OF
1 Ryan Suter Colten Teubert 60 1 2 2
2 Alexei Emelin Matt Greene 40 1 2 2
Last Minutes Offensive
Center Left Wing Right Wing Defense Defense
Milan Lucic Patrice Bergeron Jakob Silfverberg Cam Barker Mark Fistric
Last Minutes Defensive
Center Left Wing Right Wing Defense Defense
Milan Lucic Patrice Bergeron Jakob Silfverberg Cam Barker Mark Fistric
Goaltenders
Starting : Frederik Andersen
Backup : Braden Holtby
Extra Forwards
Normal : Milan Lucic, Jakob Silfverberg, Patrice Bergeron - PP : Stephen Weiss, James Neal - PK : Patrice Bergeron
Extra Defensemen
Normal : Mark Fistric, Cam Barker, Matt Greene - PP : Mark Fistric - PK : Mark Fistric, Cam Barker
Penalty Shots
Milan Lucic, Jakob Silfverberg, Patrice Bergeron, Stephen Weiss, James Neal
Scratches
None
% Time on Ice - Panthers
Lines # - Real PCT - Wanted PCT - Time Play
Normal Forward
1 - 38% - 40% - 18:20
2 - 29% - 30% - 14:04
3 - 22% - 20% - 10:35
4 - 12% - 10% - 5:46
Normal Defense
1 - 39% - 40% - 19:05
2 - 34% - 30% - 16:47
3 - 21% - 20% - 10:16
4 - 5% - 10% - 2:37
PP Forward
1 - 55% - 60% - 3:18
2 - 45% - 40% - 2:45
PP Defense
1 - 49% - 60% - 2:58
2 - 51% - 40% - 3:05
PK Forward
1 - 75% - 60% - 3:18
2 - 25% - 40% - 1:06
PK Defense
1 - 73% - 60% - 3:13
2 - 27% - 40% - 1:11
PK3 Forward
1 - 100% - 60% - 0:48
2 - 0% - 40% - 0:00
PK3 Defense
1 - 58% - 60% - 0:28
2 - 42% - 40% - 0:20
44 Forward
1 - 0% - 60%
2 - 0% - 40%
44 Defense
1 - 0% - 60%
2 - 0% - 40%
Last Minute Offensive - 0:00
Last Minute Defensive - 0:00
Total
Forward - 60:00
Defense - 60:00
|
% Time on Ice - Rangers
Lines # - Real PCT - Wanted PCT - Time Play
Normal Forward
1 - 35% - 40% - 16:51
2 - 29% - 30% - 14:16
3 - 22% - 20% - 10:31
4 - 15% - 10% - 7:07
Normal Defense
1 - 38% - 40% - 18:39
2 - 34% - 30% - 16:49
3 - 23% - 20% - 10:59
4 - 5% - 10% - 2:18
PP Forward
1 - 71% - 60% - 3:43
2 - 29% - 40% - 1:29
PP Defense
1 - 71% - 60% - 3:43
2 - 29% - 40% - 1:29
PK Forward
1 - 84% - 60% - 5:05
2 - 16% - 40% - 0:58
PK Defense
1 - 66% - 60% - 3:58
2 - 34% - 40% - 2:05
PK3 Forward
1 - 0% - 60%
2 - 0% - 40%
PK3 Defense
1 - 0% - 60%
2 - 0% - 40%
44 Forward
1 - 0% - 60%
2 - 0% - 40%
44 Defense
1 - 0% - 60%
2 - 0% - 40%
Last Minute Offensive - 0:00
Last Minute Defensive - 0:00
Total
Forward - 60:00
Defense - 60:00
|
Play by Play
1st period
0:01 of 1st period - Patrice Bergeron wins face-off versus Brayden Schenn in neutral zone.
0:26 of 1st period - Drew Stafford is hit by Magnus Paajarvi-Svensson and loses puck.
0:35 of 1st period - Wrist shot by James Neal.
0:35 of 1st period - Deflect By Magnus Paajarvi-Svensson.
0:35 of 1st period - Stopped by Antti Niemi with a rebound.
0:37 of 1st period - Snap shot by Mark Fistric.
0:37 of 1st period - Shot Misses the Net.
0:39 of 1st period - Slapshot by Matt Greene.
0:39 of 1st period - Stopped by Antti Niemi with a rebound.
1:12 of 1st period - Wrist shot by Cory Emmerton.
1:12 of 1st period - Shot Misses the Net.
1:14 of 1st period - Slapshot by Erik Gudbranson.
1:14 of 1st period - Shot Blocked by Alex Tanguay.
1:16 of 1st period - Slapshot by Matthew Spiller.
1:16 of 1st period - Shot Blocked by Mark Fistric.
2:01 of 1st period - Snap shot by Alex Galchenyuk.
2:01 of 1st period - Shot Misses the Net.
2:17 of 1st period - Slapshot by Alex Galchenyuk.
2:17 of 1st period - Shot Misses the Net.
3:10 of 1st period - Snap shot by Matt Read.
3:10 of 1st period - Stopped by Antti Niemi with a rebound.
3:22 of 1st period - Mark Fistric is hit by Erik Gudbranson and loses puck.
3:45 of 1st period - Snap shot by Alex Tanguay.
3:45 of 1st period - Stopped by Antti Niemi with a rebound.
3:51 of 1st period - Slapshot by Erik Gudbranson.
3:51 of 1st period - Stopped by Frederik Andersen with a rebound.
3:53 of 1st period - Slapshot by Erik Gudbranson.
3:53 of 1st period - Stopped by Frederik Andersen with a rebound.
3:55 of 1st period - Slapshot by Matthew Spiller.
3:55 of 1st period - Shot Misses the Net.
4:49 of 1st period - Erik Gudbranson is hit by Matt Read and loses puck.
5:07 of 1st period - Snap shot by Matthew Spiller.
5:07 of 1st period - Stopped by Frederik Andersen with a rebound.
5:09 of 1st period - Snap shot by Drew Stafford.
5:09 of 1st period - Goal by Drew Stafford - Panthers : 1 - Rangers : 0.
5:10 of 1st period - Patrice Bergeron wins face-off versus Brayden Schenn in neutral zone.
5:21 of 1st period - Slapshot by Kyle Clifford.
5:21 of 1st period - Shot Misses the Net.
5:23 of 1st period - Slapshot by Brendan Smith.
5:23 of 1st period - Shot Misses the Net.
5:46 of 1st period - Wrist shot by Alexander Perezhogin.
5:46 of 1st period - Deflect By Eric Wellwood.
5:46 of 1st period - Stopped by Frederik Andersen with a rebound.
6:15 of 1st period - Snap shot by James Neal.
6:15 of 1st period - Stopped by Antti Niemi without a rebound.
6:16 of 1st period - Patrice Bergeron wins face-off versus Brayden Schenn in Panthers zone.
6:25 of 1st period - Snap shot by Kyle Clifford.
6:25 of 1st period - Shot Blocked by Alexei Emelin.
7:10 of 1st period - Jakob Silfverberg is hit by Jonathan Matsumoto and loses puck.
7:25 of 1st period - William Colbert is hit by Sean Couturier and loses puck.
7:54 of 1st period - Jonathan Sigalet is hit by Chris Bourque.
8:24 of 1st period - Colten Teubert is hit by Daniel Sedin and loses puck.
11:01 of 1st period - Artem Anisimov is hit by Brayden Schenn and loses puck.
18:24 of 1st period - Sean Couturier is hit by Brendan Smith and loses puck.
19:59 of 1st period - Alexander Perezhogin is hit by Stephen Weiss and loses puck.
Goals for this period are 1 for Panthers vs 0 for Rangers.
Shots for this period are 5 for Panthers vs 5 for Rangers.
2nd period
0:01 of 2nd period - Kyle Clifford wins face-off versus Patrice Bergeron in neutral zone.
0:14 of 2nd period - Slapshot by Tomas Kopecky.
0:14 of 2nd period - Stopped by Frederik Andersen with a rebound.
0:16 of 2nd period - Slapshot by Jonathan Sigalet.
0:16 of 2nd period - Stopped by Frederik Andersen without a rebound.
0:17 of 2nd period - Sean Couturier wins face-off versus Cory Emmerton in Rangers zone.
0:42 of 2nd period - Cam Barker is hit by Jonathan Sigalet and loses puck.
1:06 of 2nd period - Icing by Cam Barker.
1:07 of 2nd period - Stephen Weiss wins face-off versus Jonathan Matsumoto in Rangers zone.
2:03 of 2nd period - Icing by Colten Teubert.
2:04 of 2nd period - Patrice Bergeron wins face-off versus Cory Emmerton in Rangers zone.
2:04 of 2nd period - Patrice Bergeron is hit by Drew Stafford.
2:25 of 2nd period - Slapshot by Patrice Bergeron.
2:25 of 2nd period - Shot Misses the Net.
2:27 of 2nd period - Slapshot by Alexei Emelin.
2:27 of 2nd period - Stopped by Antti Niemi with a rebound.
2:29 of 2nd period - Snap shot by Jakob Silfverberg.
2:29 of 2nd period - Stopped by Antti Niemi with a rebound.
2:31 of 2nd period - Snap shot by Alexei Emelin.
2:31 of 2nd period - Stopped by Antti Niemi without a rebound.
2:32 of 2nd period - Brayden Schenn wins face-off versus Sean Couturier in Panthers zone.
2:32 of 2nd period - Brayden Schenn is hit by Sean Couturier.
2:44 of 2nd period - Backhand shot by Magnus Paajarvi-Svensson.
2:44 of 2nd period - Stopped by Antti Niemi without a rebound.
2:45 of 2nd period - Patrice Bergeron wins face-off versus Brayden Schenn in Panthers zone.
2:50 of 2nd period - Wrist shot by Jakob Silfverberg.
2:50 of 2nd period - Stopped by Antti Niemi without a rebound.
2:51 of 2nd period - Brayden Schenn wins face-off versus Patrice Bergeron in Panthers zone.
3:04 of 2nd period - Snap shot by Kyle Clifford.
3:04 of 2nd period - Shot Misses the Net.
3:06 of 2nd period - Wrist shot by Kyle Clifford.
3:06 of 2nd period - Stopped by Frederik Andersen with a rebound.
3:26 of 2nd period - Wrist shot by Eric Wellwood.
3:26 of 2nd period - Shot Misses the Net.
3:30 of 2nd period - Snap shot by Jonathan Matsumoto.
3:30 of 2nd period - Stopped by Frederik Andersen without a rebound.
3:31 of 2nd period - Brayden Schenn wins face-off versus Sean Couturier in Rangers zone.
3:32 of 2nd period - Wrist shot by Kyle Clifford.
3:32 of 2nd period - Stopped by Frederik Andersen with a rebound.
3:44 of 2nd period - Snap shot by James Neal.
3:44 of 2nd period - Shot Misses the Net.
3:46 of 2nd period - Snap shot by James Neal.
3:46 of 2nd period - Stopped by Antti Niemi with a rebound.
3:52 of 2nd period - Minor Penalty to Kyle Clifford for Hooking.
3:53 of 2nd period - Patrice Bergeron wins face-off versus Brayden Schenn in Panthers zone.
3:58 of 2nd period - Wrist shot by Jakob Silfverberg.
3:58 of 2nd period - Shot Misses the Net.
4:47 of 2nd period - Snap shot by Milan Lucic.
4:47 of 2nd period - Shot Blocked by Cédric Lalonde-McNicoll.
4:49 of 2nd period - Snap shot by Patrice Bergeron.
4:49 of 2nd period - Goal by Patrice Bergeron - Panthers : 1 - Rangers : 1.
4:50 of 2nd period - Brayden Schenn wins face-off versus Sean Couturier in neutral zone.
5:05 of 2nd period - Slapshot by James Neal.
5:05 of 2nd period - Stopped by Antti Niemi without a rebound.
5:06 of 2nd period - Cory Emmerton wins face-off versus Stephen Weiss in Panthers zone.
5:20 of 2nd period - Wrist shot by Cory Emmerton.
5:20 of 2nd period - Shot Misses the Net.
5:39 of 2nd period - Icing by Tomas Kopecky.
5:40 of 2nd period - Brayden Schenn wins face-off versus Patrice Bergeron in Panthers zone.
5:59 of 2nd period - Snap shot by Kyle Clifford.
5:59 of 2nd period - Stopped by Frederik Andersen with a rebound.
6:01 of 2nd period - Slapshot by Matthew Spiller.
6:01 of 2nd period - Stopped by Frederik Andersen with a rebound.
6:03 of 2nd period - Snap shot by Brayden Schenn.
6:03 of 2nd period - Stopped by Frederik Andersen without a rebound.
6:04 of 2nd period - Sean Couturier wins face-off versus Cory Emmerton in Rangers zone.
6:15 of 2nd period - Wrist shot by James Neal.
6:15 of 2nd period - Stopped by Antti Niemi without a rebound.
6:16 of 2nd period - Cory Emmerton wins face-off versus Patrice Bergeron in Panthers zone.
6:24 of 2nd period - Mark Fistric is hit by Brendan Smith and loses puck.
6:27 of 2nd period - Snap shot by Milan Lucic.
6:27 of 2nd period - Shot Misses the Net.
7:00 of 2nd period - Minor Penalty to Sean Couturier for Roughing.
7:01 of 2nd period - Patrice Bergeron wins face-off versus Brayden Schenn in Rangers zone.
7:12 of 2nd period - Cam Barker is hit by Erik Gudbranson and loses puck.
8:08 of 2nd period - Patrice Bergeron is hit by Drew Stafford.
9:00 of 2nd period - Penalty to Sean Couturier is over, Sean Couturier is back on ice.
9:05 of 2nd period - Off-side.
9:06 of 2nd period - Jonathan Matsumoto wins face-off versus Sean Couturier in neutral zone.
9:09 of 2nd period - Slapshot by Mike Weber.
9:09 of 2nd period - Shot Misses the Net.
9:11 of 2nd period - Snap shot by William Colbert.
9:11 of 2nd period - Shot Blocked by Colten Teubert.
9:13 of 2nd period - Wrist shot by William Colbert.
9:13 of 2nd period - Shot Blocked by Magnus Paajarvi-Svensson.
9:15 of 2nd period - Slapshot by Mike Weber.
9:15 of 2nd period - Stopped by Frederik Andersen without a rebound.
9:16 of 2nd period - Sean Couturier wins face-off versus Jonathan Matsumoto in Rangers zone.
9:21 of 2nd period - Minor Penalty to Jonathan Matsumoto for Hooking.
9:22 of 2nd period - Brayden Schenn wins face-off versus Patrice Bergeron in Panthers zone.
9:49 of 2nd period - Brayden Schenn is hit by Stephen Weiss and loses puck.
11:21 of 2nd period - Penalty to Jonathan Matsumoto is over, Jonathan Matsumoto is back on ice.
12:03 of 2nd period - Snap shot by Brayden Schenn.
12:03 of 2nd period - Stopped by Frederik Andersen with a rebound.
12:55 of 2nd period - Snap shot by Cory Emmerton.
12:55 of 2nd period - Stopped by Frederik Andersen with a rebound.
13:20 of 2nd period - Patrick Eaves is hit by Alexei Emelin and loses puck.
13:39 of 2nd period - Snap shot by Eric Wellwood.
13:39 of 2nd period - Deflect By Gustav Nyquist.
13:39 of 2nd period - Stopped by Frederik Andersen with a rebound.
13:41 of 2nd period - Snap shot by Drew Stafford.
13:41 of 2nd period - Shot Misses the Net.
13:43 of 2nd period - Snap shot by Alex Galchenyuk.
13:43 of 2nd period - Shot Misses the Net.
13:58 of 2nd period - Off-side.
13:59 of 2nd period - Kyle Clifford wins face-off versus Sean Couturier in neutral zone.
14:13 of 2nd period - Wrist shot by Brayden Schenn.
14:13 of 2nd period - Stopped by Frederik Andersen with a rebound.
14:23 of 2nd period - Alexander Perezhogin is hit by Milan Lucic and loses puck.
14:50 of 2nd period - Patrick Eaves is hit by Matt Greene and loses puck.
14:55 of 2nd period - Snap shot by Cam Barker.
14:55 of 2nd period - Shot Misses the Net.
15:05 of 2nd period - Backhand shot by Jonathan Sigalet.
15:05 of 2nd period - Shot Misses the Net.
16:11 of 2nd period - Matt Greene is hit by Jonathan Matsumoto and loses puck.
17:10 of 2nd period - Icing by Tomas Kopecky.
17:11 of 2nd period - Sean Couturier wins face-off versus Patrick Eaves in Panthers zone.
17:18 of 2nd period - Wrist shot by James Neal.
17:18 of 2nd period - Shot Blocked by Erik Gudbranson.
17:50 of 2nd period - Snap shot by Jakob Silfverberg.
17:50 of 2nd period - Shot Misses the Net.
18:04 of 2nd period - Wrist shot by Alex Tanguay.
18:04 of 2nd period - Shot Blocked by Jonathan Matsumoto.
18:06 of 2nd period - Slapshot by Matt Greene.
18:06 of 2nd period - Stopped by Antti Niemi without a rebound.
18:07 of 2nd period - Sean Couturier wins face-off versus Brayden Schenn in Panthers zone.
18:32 of 2nd period - Cory Emmerton is hit by Alex Tanguay and loses puck.
18:37 of 2nd period - Snap shot by Stephen Weiss.
18:37 of 2nd period - Deflect By Matt Read.
18:37 of 2nd period - Shot Misses the Net.
18:37 of 2nd period - Puck is out of play.
18:38 of 2nd period - Stephen Weiss wins face-off versus Cory Emmerton in Panthers zone.
18:45 of 2nd period - Snap shot by Stephen Weiss.
18:45 of 2nd period - Stopped by Antti Niemi without a rebound.
18:46 of 2nd period - Brayden Schenn wins face-off versus Patrice Bergeron in Panthers zone.
19:19 of 2nd period - Snap shot by James Neal.
19:19 of 2nd period - Deflect By Magnus Paajarvi-Svensson.
19:19 of 2nd period - Stopped by Antti Niemi with a rebound.
19:21 of 2nd period - Slapshot by Ryan Suter.
19:21 of 2nd period - Shot Misses the Net.
19:23 of 2nd period - Snap shot by Cam Barker.
19:23 of 2nd period - Deflect By Alex Galchenyuk.
19:23 of 2nd period - Stopped by Antti Niemi with a rebound.
19:25 of 2nd period - Snap shot by Magnus Paajarvi-Svensson.
19:25 of 2nd period - Stopped by Antti Niemi with a rebound.
19:41 of 2nd period - Wrist shot by Jonathan Matsumoto.
19:41 of 2nd period - Deflect By Stephen Weiss.
19:41 of 2nd period - Stopped by Frederik Andersen with a rebound.
19:45 of 2nd period - Slapshot by Eric Wellwood.
19:45 of 2nd period - Stopped by Frederik Andersen with a rebound.
19:59 of 2nd period - Snap shot by Milan Lucic.
19:59 of 2nd period - Stopped by Antti Niemi without a rebound.
Goals for this period are 0 for Panthers vs 1 for Rangers.
Shots for this period are 15 for Panthers vs 15 for Rangers.
3rd period
0:01 of 3rd period - Brayden Schenn wins face-off versus Patrice Bergeron in neutral zone.
0:14 of 3rd period - Snap shot by Kyle Clifford.
0:14 of 3rd period - Shot Blocked by Jakob Silfverberg.
0:16 of 3rd period - Wrist shot by Brayden Schenn.
0:16 of 3rd period - Shot Misses the Net.
1:03 of 3rd period - Brendan Smith is hit by Matt Read and loses puck.
1:30 of 3rd period - Icing by Tomas Kopecky.
1:31 of 3rd period - Drew Stafford wins face-off versus Patrice Bergeron in Panthers zone.
1:44 of 3rd period - Slapshot by Drew Stafford.
1:44 of 3rd period - Shot Misses the Net.
2:29 of 3rd period - Minor Penalty to Tomas Kopecky for High sticking.
2:30 of 3rd period - Patrice Bergeron wins face-off versus Drew Stafford in Panthers zone.
2:39 of 3rd period - Snap shot by Jakob Silfverberg.
2:39 of 3rd period - Stopped by Antti Niemi with a rebound.
2:47 of 3rd period - Snap shot by Milan Lucic.
2:47 of 3rd period - Shot Misses the Net.
3:03 of 3rd period - Slapshot by Stephen Weiss.
3:03 of 3rd period - Deflect By James Neal.
3:03 of 3rd period - Shot Misses the Net.
3:03 of 3rd period - Puck is out of play.
3:04 of 3rd period - Cédric Lalonde-McNicoll wins face-off versus Jakob Silfverberg in Panthers zone.
3:04 of 3rd period - Cédric Lalonde-McNicoll is hit by Ryan Suter.
3:10 of 3rd period - Slapshot by Matthew Spiller.
3:10 of 3rd period - Stopped by Frederik Andersen without a rebound.
3:11 of 3rd period - Cédric Lalonde-McNicoll wins face-off versus Milan Lucic in Rangers zone.
3:17 of 3rd period - Icing by Milan Lucic.
3:18 of 3rd period - Brayden Schenn wins face-off versus Patrice Bergeron in Rangers zone.
3:41 of 3rd period - Snap shot by Milan Lucic.
3:41 of 3rd period - Goal by Milan Lucic - Panthers : 1 - Rangers : 2.
3:42 of 3rd period - Brayden Schenn wins face-off versus Jakob Silfverberg in neutral zone.
4:13 of 3rd period - Off-side.
4:14 of 3rd period - Brayden Schenn wins face-off versus Sean Couturier in neutral zone.
4:31 of 3rd period - Snap shot by Magnus Paajarvi-Svensson.
4:31 of 3rd period - Shot Misses the Net.
4:33 of 3rd period - Slapshot by Mark Fistric.
4:33 of 3rd period - Shot Misses the Net.
5:13 of 3rd period - Wrist shot by Kyle Clifford.
5:13 of 3rd period - Stopped by Frederik Andersen with a rebound.
5:22 of 3rd period - Icing by Sean Couturier.
5:23 of 3rd period - Cory Emmerton wins face-off versus Sean Couturier in Rangers zone.
5:44 of 3rd period - Snap shot by James Neal.
5:44 of 3rd period - Shot Misses the Net.
5:54 of 3rd period - Snap shot by James Neal.
5:54 of 3rd period - Shot Blocked by Matthew Spiller.
5:56 of 3rd period - Snap shot by Sean Couturier.
5:56 of 3rd period - Shot Misses the Net.
5:58 of 3rd period - Snap shot by Magnus Paajarvi-Svensson.
5:58 of 3rd period - Deflect By James Neal.
5:58 of 3rd period - Stopped by Antti Niemi with a rebound.
6:00 of 3rd period - Slapshot by Sean Couturier.
6:00 of 3rd period - Stopped by Antti Niemi without a rebound.
6:01 of 3rd period - Jonathan Matsumoto wins face-off versus Patrice Bergeron in Panthers zone.
6:01 of 3rd period - Jonathan Matsumoto is hit by Jakob Silfverberg.
6:13 of 3rd period - Slapshot by Jonathan Matsumoto.
6:13 of 3rd period - Stopped by Frederik Andersen without a rebound.
6:14 of 3rd period - Jonathan Matsumoto wins face-off versus Patrice Bergeron in Rangers zone.
6:19 of 3rd period - Wrist shot by Erik Gudbranson.
6:19 of 3rd period - Shot Blocked by Milan Lucic.
6:21 of 3rd period - Snap shot by Eric Wellwood.
6:21 of 3rd period - Shot Misses the Net.
6:41 of 3rd period - Brayden Schenn is hit by Matt Read and loses puck.
6:48 of 3rd period - Snap shot by Matt Read.
6:48 of 3rd period - Shot Misses the Net.
7:00 of 3rd period - Slapshot by Cam Barker.
7:00 of 3rd period - Deflect By Chris Bourque.
7:00 of 3rd period - Stopped by Antti Niemi with a rebound.
7:14 of 3rd period - Mike Weber is hit by Cam Barker.
7:24 of 3rd period - Wrist shot by Daniel Sedin.
7:24 of 3rd period - Shot Blocked by Colten Teubert.
7:26 of 3rd period - Slapshot by William Colbert.
7:26 of 3rd period - Stopped by Frederik Andersen with a rebound.
7:28 of 3rd period - Wrist shot by Patrick Eaves.
7:28 of 3rd period - Shot Misses the Net.
7:30 of 3rd period - Backhand shot by Mike Weber.
7:30 of 3rd period - Shot Blocked by Patrice Bergeron.
8:13 of 3rd period - Wrist shot by Brayden Schenn.
8:13 of 3rd period - Shot Misses the Net.
8:19 of 3rd period - Minor Penalty to Gustav Nyquist for Tripping.
8:20 of 3rd period - Patrice Bergeron wins face-off versus Brayden Schenn in Rangers zone.
8:33 of 3rd period - Patrice Bergeron is hit by Brendan Smith and loses puck.
10:19 of 3rd period - Penalty to Gustav Nyquist is over, Gustav Nyquist is back on ice.
10:32 of 3rd period - Snap shot by Gustav Nyquist.
10:32 of 3rd period - Stopped by Antti Niemi with a rebound.
10:56 of 3rd period - Wrist shot by Cédric Lalonde-McNicoll.
10:56 of 3rd period - Shot Misses the Net.
11:32 of 3rd period - Wrist shot by Patrice Bergeron.
11:32 of 3rd period - Stopped by Antti Niemi without a rebound.
11:33 of 3rd period - Patrice Bergeron wins face-off versus Daniel Sedin in Panthers zone.
11:36 of 3rd period - Snap shot by Jakob Silfverberg.
11:36 of 3rd period - Shot Blocked by Brendan Smith.
11:38 of 3rd period - Wrist shot by Jakob Silfverberg.
11:38 of 3rd period - Shot Blocked by Patrick Eaves.
12:32 of 3rd period - Minor Penalty to Gustav Nyquist for Tripping.
12:33 of 3rd period - Brayden Schenn wins face-off versus Patrice Bergeron in Rangers zone.
12:36 of 3rd period - Snap shot by Kyle Clifford.
12:36 of 3rd period - Shot Blocked by Cam Barker.
12:38 of 3rd period - Slapshot by Matthew Spiller.
12:38 of 3rd period - Goal by Matthew Spiller - Panthers : 2 - Rangers : 2.
12:39 of 3rd period - Patrice Bergeron wins face-off versus Brayden Schenn in neutral zone.
13:11 of 3rd period - Wrist shot by Alex Galchenyuk.
13:11 of 3rd period - Stopped by Frederik Andersen without a rebound.
13:12 of 3rd period - Brayden Schenn wins face-off versus Patrice Bergeron in Rangers zone.
13:15 of 3rd period - Backhand shot by Kyle Clifford.
13:15 of 3rd period - Shot Blocked by Mark Fistric.
13:45 of 3rd period - Matt Greene is hit by Drew Stafford and loses puck.
13:50 of 3rd period - Wrist shot by Alex Galchenyuk.
13:50 of 3rd period - Stopped by Frederik Andersen with a rebound.
14:02 of 3rd period - Snap shot by Alex Tanguay.
14:02 of 3rd period - Stopped by Antti Niemi with a rebound.
14:04 of 3rd period - Wrist shot by Stephen Weiss.
14:04 of 3rd period - Shot Blocked by Eric Wellwood.
14:06 of 3rd period - Wrist shot by Matt Read.
14:06 of 3rd period - Goal by Matt Read - Panthers : 2 - Rangers : 3.
14:07 of 3rd period - Brayden Schenn wins face-off versus Patrice Bergeron in neutral zone.
14:10 of 3rd period - Snap shot by Tomas Kopecky.
14:10 of 3rd period - Stopped by Frederik Andersen without a rebound.
14:11 of 3rd period - Patrice Bergeron wins face-off versus Brayden Schenn in Rangers zone.
14:18 of 3rd period - Erik Gudbranson is hit by Patrice Bergeron and loses puck.
14:39 of 3rd period - Wrist shot by Brayden Schenn.
14:39 of 3rd period - Shot Hit the Post.
14:50 of 3rd period - Minor Penalty to Cory Emmerton for Cross-checking.
14:51 of 3rd period - Patrice Bergeron wins face-off versus Brayden Schenn in Panthers zone.
14:51 of 3rd period - Slapshot by Jakob Silfverberg.
14:51 of 3rd period - Goal by Jakob Silfverberg - Panthers : 2 - Rangers : 4.
14:52 of 3rd period - Patrice Bergeron wins face-off versus Brayden Schenn in neutral zone.
14:59 of 3rd period - Slapshot by Ryan Suter.
14:59 of 3rd period - Stopped by Antti Niemi with a rebound.
15:01 of 3rd period - Wrist shot by Patrice Bergeron.
15:01 of 3rd period - Stopped by Antti Niemi without a rebound.
15:02 of 3rd period - Brayden Schenn wins face-off versus Patrice Bergeron in Panthers zone.
15:17 of 3rd period - Brayden Schenn is hit by Jakob Silfverberg and loses puck.
15:44 of 3rd period - Off-side.
15:45 of 3rd period - Jonathan Matsumoto wins face-off versus Stephen Weiss in neutral zone.
15:58 of 3rd period - Wrist shot by Alex Tanguay.
15:58 of 3rd period - Stopped by Antti Niemi with a rebound.
16:00 of 3rd period - Slapshot by Colten Teubert.
16:00 of 3rd period - Shot Blocked by Alexander Perezhogin.
16:12 of 3rd period - Sean Couturier is hit by Patrick Eaves and loses puck.
16:48 of 3rd period - Icing by Jonathan Sigalet.
16:49 of 3rd period - Patrice Bergeron wins face-off versus Cory Emmerton in Panthers zone.
16:49 of 3rd period - Minor Penalty to Matt Read for Tripping.
16:50 of 3rd period - Patrice Bergeron wins face-off versus Brayden Schenn in Rangers zone.
16:50 of 3rd period - Patrice Bergeron is hit by Tomas Kopecky.
18:15 of 3rd period - Icing by Drew Stafford.
18:16 of 3rd period - Patrice Bergeron wins face-off versus Cory Emmerton in Panthers zone.
18:49 of 3rd period - Penalty to Matt Read is over, Matt Read is back on ice.
18:56 of 3rd period - Minor Penalty to Alexander Perezhogin for Hooking.
18:57 of 3rd period - Patrice Bergeron wins face-off versus Brayden Schenn in Panthers zone.
19:08 of 3rd period - Snap shot by Patrice Bergeron.
19:08 of 3rd period - Stopped by Antti Niemi without a rebound.
19:09 of 3rd period - Brayden Schenn wins face-off versus Patrice Bergeron in Panthers zone.
19:11 of 3rd period - Minor Penalty to Brayden Schenn for Hooking.
19:12 of 3rd period - Daniel Sedin wins face-off versus Patrice Bergeron in Panthers zone.
19:12 of 3rd period - Daniel Sedin is hit by Patrice Bergeron.
19:52 of 3rd period - Snap shot by James Neal.
19:52 of 3rd period - Shot Misses the Net.
Goals for this period are 1 for Panthers vs 3 for Rangers.
Shots for this period are 8 for Panthers vs 14 for Rangers.
Back to the Top